 Dungeon Crawl Stone Soup version 0.22-a0-614-g34fbaa0 (webtiles) character file.

72 tatocazan the Cutter (level 4, 0/23 HPs)
             Began as a Vine Stalker Fighter on July 18, 2018.
             Succumbed to an adder's poison
             ... on level 2 of the Dungeon.
             The game lasted 00:03:22 (986 turns).

tatocazan the Cutter (Vine Stalker Fighter)          Turns: 986, Time: 00:03:23

Health: 0/23       AC:  6    Str: 19    XL:     4   Next: 25%
Magic:  4/5        EV:  7    Int:  8    God:
Gold:   57         SH:  9    Dex: 14    Spells: 3/3 levels left

rFire    . . .     SeeInvis .   a - +0 rapier
rCold    . . .     Gourm    .   c - +0 shield
rNeg     . . .     Faith    .   b - +0 scale mail
rPois    .         Spirit   +   (no helmet)
rElec    .         Reflect  .   (no cloak)
rCorr    .         Harm     .   (no gloves)
MR       .....                  (no boots)
Stlth    ..........             (no amulet)
HPRegen  0.47/turn              (no ring)
MPRegen  0.09/turn              (no ring)

@: lethally poisoned (0 -> -1)
A: fangs 2, regeneration 1, magic shield, antimagic bite, no potion heal 3, rot
immunity
a: no special abilities


You were on level 2 of the Dungeon.
You were not hungry.

You visited 1 branch of the dungeon, and saw 2 of its levels.

You collected 57 gold pieces.

Inventory:

Hand Weapons
 a - a +0 rapier (weapon)
Armour
 b - a +0 scale mail (worn)
 c - a +0 shield (worn)
Scrolls
 g - 2 scrolls of identify {unknown}
 i - a scroll of remove curse {unknown}
 n - a scroll of teleportation {unknown}
 p - a scroll of amnesia {unknown}
 q - a scroll of enchant weapon {unknown}
Potions
 d - a potion of might
 e - a potion of heal wounds {unknown}
 h - a potion of agility {unknown}
 j - a potion of degeneration {unknown}
 k - a potion of mutation {unknown}
 m - 2 potions of haste {unknown}
 o - 2 potions of flight {unknown}
Comestibles
 f - 3 rations
 l - 10 chunks of flesh


   Skills:
 - Level 2.7 Fighting
 + Level 4.0 Short Blades
 - Level 2.4 Armour
 - Level 2.7 Shields


You had 3 spell levels left.
You didn't know any spells.
Your spell library was empty.

Dungeon Overview and Level Annotations

Branches:
Dungeon (2/15)

Altars:
Trog


Innate Abilities, Weirdness & Mutations

You have extremely sharp teeth.
Your natural rate of healing is unusually fast.
When hurt, damage is shared between your health and your magic reserves.
Your bite disrupts and absorbs the magic of your enemies.
Potions cannot restore your health.
You are immune to rotting.


Message History

The rat bites you but does no damage. The adder bites you.
You are lethally poisoned!
The adder poisons you!
You puncture the adder!
You kill the adder!
Your Short Blades skill increases to level 4!
* * * LOW HITPOINT WARNING * * *
You feel sick. The rat bites you but does no damage.
The rat closely misses you.
* * * LOW HITPOINT WARNING * * *
You feel sick. The rat barely misses you.
Things that are here:
a dagger; a goblin corpse
* * * LOW HITPOINT WARNING * * *
You feel sick.
You hit the rat but do no damage. Your bite misses the rat.
* * * LOW HITPOINT WARNING * * *
You feel sick. The rat bites you but does no damage.
You completely miss the rat. Your bite misses the rat.
You die...

#......#...#######. #
#......#.#.######..
#..###....#.#.........
#.)[......#.#...#####.
..####.............##.
#........###.##....
.......#......#
#...####
..[.####†#....# ###.##
#.. #..@r)....#
###..### . #.....#.#.#
#....... #.....#.#.#
#....... #.....#....
#.......
#.....##....#.......
##.#### ..# #....).(
#.# ............ #.#
._..........
..........


You could see a rat.

Vanquished Creatures
  3 adders (D:2)
  3 worms (D:2)
  A dart slug (D:2)
  A leopard gecko (D:1)
  2 giant cockroaches
  7 goblins
  3 hobgoblins (D:1)
  2 jackals (D:1)
  4 bats
  A frilled lizard (D:2)
  5 kobolds
  3 rats
35 creatures vanquished.

Notes
Turn   | Place    | Note
-------+----------+-------------------------------------------
     0 | D:1      | tatocazan the Vine Stalker Fighter began the quest for the Orb.
     0 | D:1      | Reached XP level 1. HP: 11/11 MP: 2/2
   109 | D:1      | Reached skill level 2 in Short Blades
   274 | D:1      | Reached XP level 2. HP: 16/16 MP: 3/3
   766 | D:2      | Reached skill level 3 in Short Blades
   806 | D:2      | Reached XP level 3. HP: 19/19 MP: 4/4
   969 | D:2      | Gained mutation: Your natural rate of healing is unusually fast. [Vine Stalker growth]
   969 | D:2      | Reached XP level 4. HP: 1/23 MP: 2/5
   970 | D:2      | HP: 1/23 [poisoned by an adder]
   979 | D:2      | Found a bloodstained altar of Trog.
   981 | D:2      | Reached skill level 4 in Short Blades
   982 | D:2      | HP: 1/23 [poisoned by an adder]
   986 | D:2      | Succumbed to an adder's poison

Vault maps used:
D:1:      lemuel_arrival_behind_the_door_small
D:2:      serial_glass, glass_columns_a, glass_columns_a, bloody_trog,
          uniq_crazy_yiuf_cottage

Skill      XL: |  1  2  3  4 |
---------------+-------------+-----
Short Blades   | 2 3 4 |  4.0
Fighting       | |  2.7
Armour         | |  2.4
Shields        | |  2.7

Action                   |  1- 3 |  4- 6 || total
-------------------------+-------+-------++-------
Melee: Rapier            |    98 |    11 ||   109
       Bite              |    38 |     2 ||    40
Armor: Scale mail        |    39 |     6 ||    45
Dodge: Dodged            |    38 |     4 ||    42
Block: Shield            |    46 |     8 ||    54

Table legend:
 A = Spawn XP
 B = Non-spawn XP
 C = Spawn XP percentage of total XP
 D = Spawn monster count
 E = Non-spawn monster count
 F = Spawn count percentage of total count
 G = Total turns spent on level
                    A         B        C        D         E        F      G
               +---------+---------+-------+---------+---------+-------+---------
         Total |       0 |     103 |   0.0 |       0 |      35 |   0.0 |   986
               +---------+---------+-------+---------+---------+-------+---------
           D:1 |       0 |      30 |   0.0 |       0 |      17 |   0.0 |   761
           D:2 |       0 |      73 |   0.0 |       0 |      18 |   0.0 |   225
               +---------+---------+-------+---------+---------+-------+---------
